 Dungeon Crawl Stone Soup version 0.21.1-1-g345015f (webtiles) character file.

15270 Baghtru the Cleaver (level 12, -6/110 HPs)
             Began as a Hill Orc Fighter on Feb 26, 2018.
             Was a High Priest of the Shining One.
             Killed from afar by an electric eel (10 damage)
             ... with a bolt of electricity
             ... on level 11 of the Dungeon.
             The game lasted 00:32:01 (8092 turns).

Baghtru the Cleaver (Hill Orc Fighter)              Turns: 8092, Time: 00:32:01

Health: -6/110     AC: 19    Str: 24    XL:     12   Next: 25%
Magic:  19/19      EV:  7    Int:  8    God:    the Shining One [*****.]
Gold:   347        SH: 12    Dex: 10    Spells: 11/11 levels left

rFire    + . .     SeeInvis .   a - +0 war axe
rCold    . . .     Gourm    .   c - +0 shield
rNeg     + + .     Faith    .   G - +2 chain mail {rF+}
rPois    .         Spirit   .   g - +1 helmet
rElec    .         Reflect  .   o - +0 cloak
rCorr    .         Harm     .   s - +0 pair of gloves
MR       .....                  (no boots)
Stlth    ..........             i - amulet of rage
HPRegen  0.28/turn              (no ring)
MPRegen  0.16/turn              (no ring)

@: glowing
A: no striking features
a: Divine Shield, Cleansing Flame, Summon Divine Warrior, Renounce Religion,
Evoke Berserk Rage


You were on level 11 of the Dungeon.
You worshipped the Shining One.
The Shining One was extremely pleased with you.
You were not hungry.

You visited 1 branch of the dungeon, and saw 11 of its levels.
You also visited: Sewer.

You collected 646 gold pieces.
You spent 299 gold pieces at shops.

Inventory:

Hand Weapons
 a - a +0 war axe (weapon)
 u - a +1 flail of protection
Armour
 c - a +0 shield (worn)
 g - a +1 helmet (worn)
 o - a +0 cloak (worn)
 s - a +0 pair of gloves (worn)
 G - a +2 chain mail of fire resistance (worn)
Jewellery
 i - an amulet of rage (around neck)
Scrolls
 d - a scroll of amnesia {unknown}
 k - 2 scrolls of enchant weapon
 m - 2 scrolls of enchant armour {unknown}
 q - a scroll of noise {unknown}
 r - 7 scrolls of teleportation
 t - 8 scrolls of remove curse
 x - 3 scrolls of fear
 y - 4 scrolls of magic mapping
 A - 2 scrolls of blinking
 D - 3 scrolls of immolation {unknown}
 F - a scroll of vulnerability {unknown}
 H - a scroll of fog {unknown}
Potions
 b - a potion of flight
 e - a potion of berserk rage {unknown}
 j - 10 potions of curing
 l - a potion of cancellation {unknown}
 n - a potion of lignification {unknown}
 p - 2 potions of brilliance
 w - 2 potions of mutation
 z - a potion of haste
 B - a potion of heal wounds {unknown}
 E - 2 potions of agility {unknown}
Comestibles
 f - 26 rations
 h - 7 chunks of flesh


   Skills:
 + Level 11.3 Fighting
 + Level 11.9 Axes
 + Level 10.4 Armour
 + Level 10.5 Shields
 + Level 9.8 Invocations


You had 11 spell levels left.
You didn't know any spells.

Dungeon Overview and Level Annotations

Branches:
Dungeon (11/15)            Temple (0/1) D:4            Lair (0/6) D:11
    Orc: D:9-12

Altars:
Ashenzari
Dithmenos
Gozag
Makhleb
Nemelex Xobeh
Okawaru
Qazlal
Trog
Uskayaw
Vehumet
Wu Jian
Zin
The Shining One

Shops:
D:4 (   D:6 *:![   D:10 *   D:11 :


Message History

Orders for allies: a - Attack new target. r - Retreat! s - Stop attacking. g - Guard the area. f - Follow me.
Anything else - Cancel.
Gang up on whom?
Press: ? - help, Dir - move target cursor, f - electric eel
Aim: an electric eel Attack!
The electric eel shoots out a bolt of lightning at you!
The bolt of electricity hits you!
* * * LOW HITPOINT WARNING * * *
Your daeva calls down the wrath of the Shining One upon the electric eel.
The electric eel is smitten.
The electric eel shoots out a bolt of lightning at you!
The bolt of electricity hits you!
* * * LOW HITPOINT WARNING * * *
The electric eel shoots out a bolt of lightning at you!
The bolt of electricity hits your daeva.
The bolt of electricity hits you!
You die...

........................
..................8.....
.......................#
≈.≈≈...≈..............##
≈.≈≈≈≈................#
≈.≈≈≈≈≈≈.###..........##
≈.≈≈≈≈...# ##..........#
;.≈≈≈....# #...........
;.≈≈.A≈@.# ##...........
≈..≈≈≈≈..###............
≈.≈≈≈≈≈≈.........###....
≈..≈≈≈≈≈≈.......#####...
....≈≈≈≈≈.......#####...
.>..≈≈≈≈≈.......#####...
...≈≈≈≈≈≈........###....
≈.≈.≈≈≈≈≈...............
≈≈≈≈.≈≈≈...............


You could see 2 electric eels and a friendly daeva.

Vanquished Creatures
  Josephine (D:10)
  3 two-headed ogres
  The ghost of Britaniac the Severer, a novice HOFi of Okawaru (D:10)
  The ghost of jazmu the Chopper, a novice FoHu of Okawaru (D:7)
  An unseen horror (D:10)
  An orc knight (D:11)
  A cyclops (D:11)
  A manticore (D:11)
  A centaur zombie (D:11)
  A kobold demonologist (D:10)
  A troll (D:11)
  A hornet (D:11)
  Prince Ribbit (D:7)
  3 hippogriffs
  5 wraiths (D:10)
  Menkaure (D:6)
  A warg (D:11)
  4 orc warriors
  4 sky beasts
  An ice beast (D:8)
  2 ogres
  4 phantoms
  5 centaurs
  24 big kobolds
  6 bullfrogs
  A wyvern zombie (D:10)
  A wyvern skeleton (D:7)
  5 scorpions
  11 killer bees (D:8)
  3 howler monkeys
  9 crimson imps
  2 bullfrog zombies
  A quasit (D:9)
  A bullfrog skeleton (D:4)
  4 orc priests
  3 hounds
  A jelly (D:7)
  A centaur skeleton (D:4)
  A gnoll shaman (D:5)
  Jessica (D:2)
  10 worker ants
  Ijyb (D:5)
  3 iguanas
  13 orc wizards
  A hound zombie (D:9)
  3 hound skeletons
  Robin (D:4)
  3 gnolls (D:5)
  2 worker ant zombies
  14 adders
  8 river rats
  2 shadow imps
  5 oozes
  3 adder skeletons
  8 worms
  A dart slug (D:1)
  6 leopard geckos
  39 orcs
  16 giant cockroaches
  11 goblins
  10 hobgoblins
  24 kobolds
  5 quokkas
  7 ball pythons
  3 bats
  5 frilled lizards
  A leopard gecko zombie (D:8)
  4 rats
329 creatures vanquished.

Vanquished Creatures (collateral kills)
  A troll (D:11)
  A vampire (D:11)
  A water elemental (D:11)
  3 wolves (D:11)
  An electric eel (D:11)
  2 hounds (D:11)
9 creatures vanquished.

Grand Total: 338 creatures vanquished

Notes
Turn   | Place    | Note
-------+----------+-------------------------------------------
     0 | D:1      | Baghtru the Hill Orc Fighter began the quest for the Orb.
     0 | D:1      | Reached XP level 1. HP: 19/19 MP: 1/1
   343 | D:1      | Reached XP level 2. HP: 24/27 MP: 2/2
   580 | D:2      | Noticed Jessica
   587 | D:2      | Killed Jessica
   587 | D:2      | Reached XP level 3. HP: 27/33 MP: 3/3
   601 | D:2      | Found a sparkling altar of Nemelex Xobeh.
  1176 | D:2      | Reached XP level 4. HP: 40/40 MP: 4/4
  1415 | D:3      | Found a glowing golden altar of the Shining One.
  1423 | D:3      | Became a worshipper of the Shining One
  1505 | D:3      | Found a stormy altar of Qazlal.
  1601 | D:3      | Found a hide-covered altar of Uskayaw.
  2146 | D:4      | Reached XP level 5. HP: 40/47 MP: 5/5
  2165 | D:4      | Found a staircase to the Ecumenical Temple.
  2170 | D:4      | Noticed a phantom
  2178 | D:4      | Killed a phantom
  2178 | D:4      | Reached skill level 5 in Fighting
  2178 | D:4      | Reached XP level 6. HP: 50/56 MP: 6/6
  2182 | D:4      | Found a radiant altar of Vehumet.
  2195 | D:4      | Noticed Robin
  2196 | D:4      | Reached * piety under the Shining One
  2203 | D:4      | Killed Robin
  2208 | D:4      | Reached skill level 5 in Axes
  2322 | D:4      | Reached skill level 5 in Shields
  2324 | D:4      | Found a glowing silver altar of Zin.
  2330 | D:4      | Found a shattered altar of Ashenzari.
  2426 | D:4      | Reached skill level 5 in Armour
  2487 | D:4      | Reached XP level 7. HP: 59/61 MP: 7/7
  2840 | D:4      | Found Magg's Weapon Boutique.
  3030 | D:5      | Entered Level 5 of the Dungeon
  3034 | D:5      | Noticed Ijyb
  3044 | D:5      | Killed Ijyb
  3072 | D:5      | Found an ornate altar of the Wu Jian Council.
  3136 | D:5      | Reached ** piety under the Shining One
  3143 | D:5      | Reached XP level 8. HP: 43/70 MP: 8/8
  3229 | D:5      | Found a glowing drain.
  3236 | Sewer    | Entered a sewer
  3842 | D:5      | Found a shadowy altar of Dithmenos.
  4036 | D:5      | You fall through a shaft!
  4051 | D:6      | Reached skill level 1 in Invocations
  4399 | D:6      | Found Suligro's Assorted Antiques.
  4399 | D:6      | Found Ulow's Distillery.
  4399 | D:6      | Noticed Menkaure
  4405 | D:6      | Killed Menkaure
  4406 | D:6      | Found Qacutafu's Antique Armour Emporium.
  4413 | D:6      | Found Lomi's Book Emporium.
  4416 | D:6      | Bought a potion of curing for 36 gold pieces
  4416 | D:6      | Bought a potion of curing for 36 gold pieces
  4416 | D:6      | Bought 2 potions of curing for 72 gold pieces
  4416 | D:6      | Bought a potion of curing for 36 gold pieces
  4416 | D:6      | Bought a potion of curing for 36 gold pieces
  4449 | D:6      | Reached XP level 9. HP: 52/79 MP: 10/10
  4453 | D:6      | Bought a scroll labeled AHURUU YSOMI for 19 gold pieces
  4453 | D:6      | Bought a scroll labeled DUYGIRPHOUTZ for 19 gold pieces
  4453 | D:6      | Bought a scroll labeled MIAFASAFFESS for 19 gold pieces
  4475 | D:6      | Got a polished ring mail
  4486 | D:6      | Identified the +2 ring mail of Uxzif {Regen+ Int+6} (You found it on level 6 of the Dungeon)
  4848 | D:7      | Noticed jazmu's ghost (novice FoHu)
  4861 | D:7      | Killed jazmu's ghost
  4888 | D:7      | Found a bloodstained altar of Trog.
  5114 | D:7      | Noticed Prince Ribbit
  5196 | D:7      | Reached *** piety under the Shining One
  5337 | D:7      | Killed Prince Ribbit
  5434 | D:7      | Found an opulent altar of Gozag.
  5838 | D:8      | Reached skill level 5 in Invocations
  5845 | D:8      | Reached XP level 10. HP: 48/90 MP: 13/13
  6366 | D:8      | Found a burning altar of Makhleb.
  6617 | D:9      | Noticed a two-headed ogre
  6621 | D:9      | Killed a two-headed ogre
  6680 | D:9      | Noticed a two-headed ogre
  6692 | D:9      | Killed a two-headed ogre
  6692 | D:9      | Reached skill level 10 in Axes
  6776 | D:9      | Found an iron altar of Okawaru.
  7118 | D:9      | Noticed a black mamba
  7191 | D:9      | Reached XP level 11. HP: 99/99 MP: 16/16
  7207 | D:9      | Reached **** piety under the Shining One
  7241 | D:10     | Entered Level 10 of the Dungeon
  7251 | D:10     | Noticed a two-headed ogre
  7259 | D:10     | Killed a two-headed ogre
  7259 | D:10     | Reached skill level 10 in Fighting
  7326 | D:10     | Noticed Josephine
  7349 | D:10     | Killed Josephine
  7368 | D:10     | Noticed an unseen horror
  7387 | D:10     | Killed an unseen horror
  7407 | D:10     | Noticed Britaniac's ghost (novice HOFi)
  7420 | D:10     | Killed Britaniac's ghost
  7473 | D:10     | Found Hantit's General Store.
  7478 | D:10     | Bought a scroll of identify for 26 gold pieces
  7680 | D:10     | Reached ***** piety under the Shining One
  7707 | D:10     | Reached skill level 10 in Shields
  7715 | D:10     | Reached skill level 10 in Armour
  7866 | D:11     | Noticed a cyclops
  7877 | D:11     | Killed a cyclops
  7877 | D:11     | Reached XP level 12. HP: 53/110 MP: 17/19
  7952 | D:11     | Found Okounioc's Book Emporium.
  7960 | D:11     | Found a hide-covered altar of Uskayaw.
  8076 | D:11     | Found a staircase to the Lair.
  8091 | D:11     | HP: 4/110 [electric eel/bolt of electricity (4)]
  8092 | D:11     | Killed from afar by an electric eel

Skill      XL: |  1  2  3  4  5  6  7  8  9 10 11 |
---------------+----------------------------------+-----
Axes           | 3 4 5 6 7 9 10 11 | 11.9
Fighting       | 4 5 6 7 8 9 11 | 11.3
Shields        | 4 5 6 7 9 10 | 10.5
Armour         | 4 5 6 7 9 10 | 10.4
Invocations    | 2 5 7 9 |  9.8

Action                   |  1- 3 |  4- 6 |  7- 9 | 10-12 || total
-------------------------+-------+-------+-------+-------++-------
Melee: War axe           |   103 |   135 |   362 |   367 ||   967
Invok: Summon Divine War |       |       |       |     1 ||     1
 Abil: Evoke Berserk Rag |       |       |       |     7 ||     7
Evoke: Wand              |       |       |     1 |    10 ||    11
  Use: Potion            |       |     2 |     2 |     4 ||     8
       Scroll            |       |       |     7 |     5 ||    12
  Eat: Chunk             |     1 |     4 |     9 |    15 ||    29
       Ration            |       |       |     1 |       ||     1
Armor: Plate armour      |    74 |   106 |   174 |       ||   354
       Chain mail        |       |       |    52 |   272 ||   324
Dodge: Dodged            |    21 |    24 |   100 |   134 ||   279
Block: Shield            |    55 |    77 |   188 |   290 ||   610
